cohdb
Replays
Latest Replays
All Replays
Popular Replays
Top Player Replays
Match Explorer
How It Works
Community
CoH3 Stats
Reddit
Sign in to upload your games and track your stats! →
Sign in with Steam
Match 44672794
Unlisted
Match 44672794
Overview
Messages
Build Orders
End
Construct Barracks
Riflemen Squad
Riflemen Squad
M1 Mortar Team
Air Support Center
Grenade Package
Construct Weapon Support Center
M3 Armored Personnel Carrier
P-47 Strafing Run
Construct Tank Depot
Engineer Squad
Engineer Squad
Selects Armored Battlegroup
Selects Assault Engineers
Selects Field Repairs
Selects War Machine
Grasshopper Recon Run
Selects Fast Deploy
M3 Armored Personnel Carrier
M1919 Machine Gun Team
Grasshopper Recon Run
M1919 Machine Gun Team
M4A1 Sherman Medium Tank
M4A1 Sherman Medium Tank
Construct Motor Pool
Selects Seek and Destroy
Selects UNKNOWN (2160077)
M4A3E8 Sherman Easy Eight
M1 Anti-tank Gun Team
P-47 Dive Bomb
Assault Engineer Squad
Assault Engineer Squad
Field Repairs
M1918 Browning Automatic Rifles
Improved Aircraft Armor
Air Supremacy
Arturokq
Holland
维维豆奶
Pervol
星际大元帅
T-Age
0
0
Comments
sign in to comment!
No comments posted yet!